 Dungeon Crawl Stone Soup version 0.30-a0-1093-gcfb1e0cf12 (webtiles) character file.

Game seed: 11028424289825572674

199198 Ijustatesigmund the Eclecticist (level 17, -7/95 HPs)
             Began as a Deep Elf Conjurer on Apr 14, 2023.
             Was the Champion of Cheibriados.
             Killed by a resonance strike
             ... invoked by Zenata
              (43 damage)
             ... on level 3 of the Elven Halls on Apr 17, 2023.
             The game lasted 02:33:12 (47783 turns).

Ijustatesigmund the Eclecticist (DECj)             Turns: 47783, Time: 02:33:12

Health: -7/95      AC: 17    Str: 19    XL:     17   Next: 83%
Magic:  47/47      EV: 35    Int: 49    God:    Cheibriados [******]
Gold:   1870       SH: 16    Dex: 34    Spells: 29/57 levels left

rFire   . . .      SeeInvis .    h - staff of conjuration
rCold   . . .      Faith    .    t - +3 buckler
rNeg    . . .      Spirit   .    z - +2 robe {Archmagi}
rPois   .          Reflect  +    m - +2 helmet
rElec   .          Rampage  .    g - +2 cloak
rCorr   .          Archmagi +    j - +2 pair of gloves
Will    +....      Clarity  +    n - +1 pair of boots of Divinoezo {Int+2 Dex+6}
Stlth   +++++                    y - amulet of reflection
HPRegen 0.35/turn                S - +4 ring of protection
MPRegen 0.30/turn                M - +5 ring of evasion

@: about to teleport, corroded, very slow
A: iridescent scales 1, clarity, high MP 1
}: 1/15 runes: barnacled
a: Renounce Religion, Bend Time, Temporal Distortion, Slouch, Step From Time


You were on level 3 of the Elven Halls.
You worshipped Cheibriados.
Cheibriados was exalted by your worship.
You visited 6 branches of the dungeon, and saw 28 of its levels.
You also visited: Bailey, Gauntlet and Ice Cave.

You collected 3232 gold pieces.
You spent 1362 gold pieces at shops.

Inventory:

Hand Weapons
 d - a +2 morningstar of protection
Armour
 g - a +2 cloak (worn)
 j - a +2 pair of gloves (worn)
 m - a +2 helmet (worn)
 n - the +1 pair of boots of Divinoezo (worn) {Int+2 Dex+6}
   (You bought it in a shop on level 2 of the Orcish Mines)

   Int:       It affects your intelligence (+2).
   Dex:       It affects your dexterity (+6).
 t - a +3 buckler (worn)
 z - a +2 robe of the Archmagi (worn)
 N - a +2 robe of resistance
Magical Staves
 h - a staff of conjuration (weapon)
Jewellery
 p - a ring of poison resistance
 y - an amulet of reflection (around neck)
 H - a ring of protection from fire
 I - a ring of protection from fire
 M - a +5 ring of evasion (right hand)
 R - the amulet "Ruga" {RegenMP Will+}
   (You took it off a merfolk impaler on level 4 of the Shoals)

   [amulet of magic regeneration]

   It increases your rate of magic regeneration.
   Will:      It increases your willpower.
 S - a +4 ring of protection (left hand)
 T - a +5 ring of evasion
 U - a ring of resist corrosion
 V - the ring of Fyceq {+Blink rN+ SInv}
   (You found it on level 4 of the Lair of Beasts)

   [ring of see invisible]

   rN:        It protects you from negative energy.
   SInv:      It lets you see invisible.
   +Blink:    It lets you blink.
 Y - a ring of protection from cold
 Z - a ring of magical power
Wands
 A - a wand of charming (10)
 B - a wand of flame (9)
 D - a wand of light (4)
 K - a wand of polymorph (8)
 P - a wand of digging (5)
 Q - a wand of iceblast (13)
Scrolls
 k - 5 scrolls of enchant weapon
 q - 6 scrolls of blinking
 u - 19 scrolls of teleportation
 w - 5 scrolls of amnesia
 x - 2 scrolls of magic mapping
 C - 8 scrolls of immolation
 E - 8 scrolls of fear
 G - 4 scrolls of fog
 L - 7 scrolls of poison
Potions
 b - 3 potions of magic
 c - 13 potions of heal wounds
 e - 3 potions of invisibility
 f - 3 potions of resistance
 i - 4 potions of lignification
 l - 6 potions of curing
 o - 3 potions of brilliance
 r - 4 potions of might
 s - 3 potions of cancellation
 v - 3 potions of flight
 F - 3 potions of attraction
 J - 10 potions of mutation
 W - 3 potions of ambrosia
 X - 3 potions of berserk rage
Miscellaneous
 a - a phantom mirror
 O - a condenser vane


   Skills:
 - Level 6.8 Fighting
 - Level 1.6 Armour
 - Level 14.1 Dodging
 + Level 7.9 Stealth
 - Level 5.0 Shields
 - Level 20.7 Spellcasting
 - Level 15.5 Conjurations
 - Level 6.8 Translocations
 - Level 6.6 Transmutations
 - Level 4.5 Fire Magic
 - Level 10.0 Earth Magic
 - Level 15.8 Invocations
 - Level 4.3 Evocations


You had 29 spell levels left.
You knew the following spells:

 Your Spells              Type           Power      Damage    Failure   Level
a - Magic Dart            Conj           100%       1d8       0%          1
b - Apportation           Tloc           100%       N/A       1%          1
c - Iskenderun's Mystic   Conj/Tloc      100%       2d19      1%          4
d - Irradiate             Conj/Tmut      75%        3d36      1%          5
e - Stone Arrow           Conj/Erth      100%       3d13      0%          3
f - Iron Shot             Conj/Erth      78%        9d14      1%          6
g - Blink                 Tloc           100%       N/A       1%          2
h - Starburst             Conj/Fire      73%        6d19      1%          6

Your spell library contained the following spells:

 Spells                   Type           Power      Damage    Failure   Level
 Foxfire                  Conj/Fire      100%       2x1d9     0%          1
 Momentum Strike          Conj/Tloc      100%       3d10      0%          2
 Searing Ray              Conj           100%       2d8       0%          2
 Lesser Beckoning         Tloc           100%       N/A       1%          2
 Static Discharge         Conj/Air       100%       2-7/arc   1%          2
 Dazzling Flash           Conj/Hex       100%       N/A       1%          3
 Frozen Ramparts          Ice            100%       1d16      1%          3
 Ignite Poison            Fire/Tmut/Pois 92%        N/A       1%          3
 Inner Flame              Hex/Fire       83%        N/A       1%          3
 Portal Projectile        Hex/Tloc       100%       N/A       1%          3
 Tukima's Dance           Hex            66%        N/A       1%          3
 Animate Armour           Summ/Erth      100%       N/A       1%          4
 Flame Wave               Conj/Fire      100%       2d21      1%          4
 Fulminant Prism          Conj/Hex       68%        3d28      1%          4
 Ice Form                 Ice/Tmut       90%        N/A       1%          4
 Manifold Assault         Tloc           100%       N/A       1%          4
 Sticky Flame             Conj/Fire      100%       2d11      1%          4
 Blade Hands              Tmut           53%        N/A       1%          5
 Fireball                 Conj/Fire      73%        3d27      1%          5
 Alistair's Intoxication  Tmut/Pois      60%        N/A       3%          5
 Airstrike                Air            33%        2d(5-21)  4%          4
 Animate Dead             Necr           66%        N/A       4%          4
 Summon Ice Beast         Ice/Summ       66%        N/A       4%          4
 Summon Lightning Spire   Summ/Air       66%        N/A       4%          4
 Lehudib's Crystal Spear  Conj/Erth      78%        10d18     14%         8
 Dragon Form              Tmut           53%        N/A       22%         7
 Plasma Beam              Fire/Air       41%        2x1d60    24%         6
 Storm Form               Tmut/Air       45%        N/A       65%         7
 Haunt                    Necr/Summ      33%        N/A       98%         7
 Ignition                 Fire           48%        3d14      99%         8
 Borgnjor's Revivificati  Necr           33%        N/A       100%        8
 Infestation              Necr           33%        N/A       100%        8


Dungeon Overview and Level Annotations

Branches:
Dungeon (13/15)            Temple (1/1) D:6            Lair (5/5) D:8
 Shoals (4/4) Lair:2        Snake (0/4) Lair:2        Slime (0/5) Lair:4
    Orc (2/2) D:12            Elf (3/3) Orc:2        Vaults (0/5) D:13
 Bailey (visited)           IceCv (visited)         Gauntlet (visited)

Altars:
Ashenzari
Cheibriados
Dithmenos
Elyvilon
Fedhas
Gozag
Hepliaklqana
Kikubaaqudgha
Makhleb
Nemelex Xobeh
Okawaru
Qazlal
Ru
Sif Muna
Trog
Uskayaw
Vehumet
Wu Jian
Xom
Yredelemnul
Zin
The Shining One
Jiyva

Shops:
D:6 (   D:9 [   Orc:2 *([=   Elf:1 =   Elf:3 :   Shoals:3 ?

Annotations:
D:8 2 runed translucent doors
D:13 2 runed translucent doors
Shoals:1 2 transporters, Shavain's ghost, adept DsGl
Elf:3 Asterion; Zenata


Innate Abilities, Weirdness & Mutations

You are partially covered in iridescent scales. (AC +2)
You possess an exceptional clarity of mind.
You have an increased reservoir of magic. (+10% MP)


Message History

Asterion seems to speed up.
A deep elf elementalist comes into view.
It is wielding a +0 short sword.
The deep elf elementalist is empowered by the deep elf high priest's aura!
The deep elf elementalist moves out of view.
The deep elf archer moves out of view.
You hear a shout!
As you read the scroll of teleportation, it crumbles to dust.
You feel strangely unstable.
You hear a shout!
The deep elf elementalist casts a spell next to you.
You hear rumbling.
The deep elf annihilator points at you and mumbles some strange words.
The bolt of lightning misses you.
The deep elf sorcerer points at you and mumbles some strange words.
The bolt of acid hits you!! The acid corrodes you!
The deep elf high priest utters a dark prayer and points at you.
Your life force is offered up.
You hear a shout! x10; You hear a skittering sound.
You hear a shout! x4
As you read the scroll of fear, it crumbles to dust.
You assume a fearsome visage.
The deep elf annihilator resists with almost no effort.
The deep elf sorcerer looks frightened!
The deep elf high priest looks frightened!
The deep elf elementalist easily resists.
The deep elf high priest looks frightened!
Asterion easily resists.
The air elemental is unaffected.
The deep elf archer looks frightened!
Asterion prays to Makhleb.
The deep elf archer mumbles some strange words.
The deep elf archer blinks!
The deep elf elementalist points next to you and mumbles some strange words.
You hear rumbling.
Zenata, Seeker of Sheza comes into view.
She is wielding a +5 eveningstar.
Really read the scroll of poison?
The air fills with toxic fumes!
As you read the scroll of poison, it crumbles to dust.
The air elemental completely misses you. x2
Zenata gestures at you while chanting.
A blast of power from the earth and the air elemental strikes you!
You die...

#....# ##....).. #§##.# #........
#§#### ######### #§# #§# #§# #§#
#§# ***** #@# ***** **,,,***
**#E#** ***,,,** ,,,,,,,***
***,§.§,*** ***,,,,,,,
,,,,,,,,,***,,§§H§2,,***,,,,,,,,,
,,,,,,,,,,,,,§e§.§§e,,,,,,,,,,,,,
,,,,,,,,,,,,§§§§§§§§§,,,,,,,,,,,,
,,,,,,,,,,,§§§§§§§e§ee,,,,,,,,,,,
*,,,,,,,,,§§§e§§#§§§§a.,,,,,,,,,*
*,,,,,,,,,,,,,,***,,,,,,,,,,,,,,*


You could see Zenata (empowered), Asterion (fast), a green death (summoned), a
deep elf annihilator (empowered), a deep elf sorcerer (empowered, fleeing), 2
deep elf elementalists, 2 deep elf high priests and an air elemental.

Vanquished Creatures
  A deep elf blademaster (Elf:3)
  A deep elf master archer (Elf:3)
  Frances (D:13)
  A sphinx (Shoals:4)
  2 deep elf sorcerers (Elf:3)
  A deep elf elementalist (Elf:3)
  An orc warlord (Orc:2)
  The ghost of choppaz the Eclecticist, a journeyman GrEE of Vehumet (Orc:2)
  A reaper (IceCv)
  Nessos (Lair:4)
  A bunyip (shapeshifter) (D:13)
  4 minotaurs
  A merfolk javelineer (Shoals:4)
  2 deep elf death magi
  3 merfolk impalers (Shoals:4)
  A fire dragon (Lair:5)
  Fannar (Orc:1)
  5 hydras
  A vault guard (D:13)
  Erolcha (D:10)
  6 merfolk aquamancers
  2 centaur warriors
  2 boulder beetles
  10 satyrs (Shoals:4)
  An alligator snapping turtle (Shoals:4)
  2 two-headed ogres
  A merfolk avatar (Shoals:2)
  24 dancing weapons
  8 death yaks
  Urug (Lair:4)
  Nergalle (D:11)
  3 orc high priests (Orc:2)
  11 deep elf knights
  3 skysharks
  A fire crab (Gauntlet)
  19 sea snakes
  6 deep elf archers
  2 lindwurms (Lair:5)
  19 deep elf pyromancers
  24 deep elf zephyrmancers
  7 fauns (Shoals:4)
  4 orc knights
  8 harpies
  6 orc sorcerers
  A wolf spider (Gauntlet)
  4 ugly things
  14 manticores
  8 cyclopes
  3 moths of wrath
  2 oklob plants (Lair:4)
  9 merfolk sirens
  8 water nymphs
  4 centaur zombies (D:11)
  8 black mambas
  Maurice (D:11)
  9 elephants
  A demonic crawler (Lair:4)
  An ice statue (IceCv)
  4 gargoyles
  A torpor snail (Lair:3)
  3 molten gargoyles (Lair:5)
  13 komodo dragons
  8 cane toads
  4 rime drakes
  A yaktaur (D:12)
  2 unseen horrors
  2 tengu conjurers
  11 trolls
  A wandering mushroom (Lair:4)
  2 polar bears
  20 merfolk
  30 blink frogs
  A hornet (D:8)
  A wind drake (Shoals:3)
  2 dream sheep (Shoals:4)
  7 snapping turtles
  9 shadows
  10 slime creatures
  5 vampires (D:11)
  2 air elementals
  6 wraiths
  53 yaks
  2 fire bats (Gauntlet)
  8 water elementals
  11 wyverns
  A dire elephant simulacrum (IceCv)
  8 basilisks
  A steam dragon (D:7)
  A death yak simulacrum (IceCv)
  Grum (D:8)
  4 redbacks (Gauntlet)
  4 vampire mosquitoes (D:12)
  4 wargs
  3 harpy simulacra (IceCv)
  3 nagas (Lair:2)
  3 swamp worms (Lair:4)
  2 acid dragons (D:13)
  Menkaure (D:7)
  15 water moccasins
  4 hell hounds (Lair:5)
  2 hydra simulacra (IceCv)
  3 large abominations (Elf:1)
  25 orc warriors
  2 ice beasts
  A sky beast (D:8)
  6 black bears
  12 ogres
  8 centaurs
  14 wolves
  3 phantoms
  5 elf zombies (Elf:1)
  A kobold brigand (D:8)
  17 bullfrogs
  A gnoll sergeant (D:8)
  2 earth elementals
  3 cane toad simulacra (IceCv)
  3 scorpions
  2 two-headed ogre simulacra (IceCv)
  3 wights (D:10)
  3 elephant simulacra (IceCv)
  5 killer bees (D:9)
  4 howler monkeys
  3 electric eels (Lair:2)
  5 lava snakes (Lair:5)
  A hound (D:4)
  2 jellies
  9 orc priests
  A gnoll bouda (D:4)
  2 sleepcaps
  7 iguanas
  21 orc wizards
  Ijyb (D:5)
  7 hell rats (Lair:4)
  3 spriggan simulacra (IceCv)
  3 troll simulacra (IceCv)
  A wolf simulacrum (IceCv)
  14 gnolls
  3 adders
  5 naga simulacra (IceCv)
  A shadow imp (D:4)
  12 white imps
  10 ufetubi
  2 worms (D:2)
  3 dart slugs
  65 orcs
  4 bats
  10 endoplasms
  3 giant cockroaches (D:1)
  9 goblins
  4 hobgoblins
  4 jackals (D:1)
  13 kobolds
  3 quokkas
  8 ball pythons
  2 frilled lizards
  2 rats
917 creatures vanquished.

Vanquished Creatures (collateral kills)
  A merfolk aquamancer (Shoals:1)
  2 sea snakes (Shoals:1)
  A snapping turtle (Shoals:2)
  A slime creature (D:12)
  A water moccasin (Lair:5)
6 creatures vanquished.

Vanquished Creatures (others)
  A two-headed ogre (D:12)
  A deep elf knight (Elf:3)
  2 sea snakes (Shoals:1)
  A manticore (Shoals:3)
  2 merfolk
  A snapping turtle (Shoals:4)
  A slime creature (D:12)
  A basilisk (D:12)
  2 bushes (Lair:4)
  53 fungi
  78 plants
  2 withered plants (D:11)
145 creatures vanquished.

Grand Total: 1068 creatures vanquished

Notes
Turn   | Place    | Note
-------+----------+-------------------------------------------
     0 | D:1      | Ijustatesigmund the Deep Elf Conjurer began the quest for
                  | the Orb.
     0 | D:1      | Reached XP level 1. HP: 10/10 MP: 6/6
   242 | D:1      | Reached XP level 2. HP: 15/15 MP: 2/8
   245 | D:1      | Learned a level 2 spell: Searing Ray
   780 | D:1      | Reached skill level 4 in Spellcasting
   783 | D:1      | Reached skill level 5 in Conjurations
   783 | D:1      | Reached XP level 3. HP: 19/19 MP: 3/10
  2228 | D:3      | Noticed a black bear
  2391 | D:3      | Killed a black bear
  2392 | D:3      | Reached skill level 5 in Spellcasting
  2392 | D:3      | Reached XP level 4. HP: 24/24 MP: 3/13
  2392 | D:3      | Reached XP level 5. HP: 28/28 MP: 3/14
  2577 | D:3      | Learned a level 4 spell: Iskenderun's Mystic Blast
  2667 | D:3      | Found a stormy altar of Qazlal.
  2747 | D:3      | Reached skill level 1 in Translocations
  3012 | D:3      | Learned a level 5 spell: Irradiate
  3430 | D:4      | Reached XP level 6. HP: 26/32 MP: 9/16
  4096 | D:4      | Reached skill level 5 in Translocations
  4697 | D:4      | Found the +5 robe of Misfortune {Harm *Corrode *Slow EV+5}
  4901 | D:4      | Reached XP level 7. HP: 36/36 MP: 9/17
  5020 | D:4      | Found a shimmering altar of Xom.
  5397 | D:5      | Entered Level 5 of the Dungeon
  5507 | D:5      | Reached skill level 1 in Fighting
  5507 | D:5      | Reached skill level 1 in Transmutations
  5514 | D:5      | Reached skill level 6 in Spellcasting
  6015 | D:5      | Reached XP level 8. HP: 36/44 MP: 15/19
  6076 | D:5      | Noticed Ijyb
  6087 | D:5      | Killed Ijyb
  6660 | D:6      | Noticed a troll
  6667 | D:6      | Killed a troll
  6668 | D:6      | Reached skill level 7 in Spellcasting
  7028 | D:6      | Reached skill level 1 in Evocations
  7116 | D:6      | Found a staircase to the Ecumenical Temple.
  7252 | D:6      | Identified a scroll of acquirement
  7252 | D:6      | Acquired a staff of conjuration
  7356 | D:6      | Found Cuyteo's Antique Weapon Shoppe.
  7812 | Temple   | Entered the Ecumenical Temple
  7959 | Temple   | Became a worshipper of Cheibriados the Contemplative
  7995 | D:7      | Noticed Menkaure
  8000 | D:7      | Killed Menkaure
  8001 | D:7      | Reached skill level 8 in Spellcasting
  8001 | D:7      | Reached XP level 9. HP: 49/49 MP: 12/23
  8265 | D:7      | Reached skill level 1 in Invocations
  8280 | D:7      | Noticed a troll
  8325 | D:7      | Killed a troll
  8410 | D:7      | Reached skill level 5 in Transmutations
  8891 | D:7      | Reached * piety under Cheibriados
  8959 | D:7      | Found a glowing silver altar of Zin.
  8959 | D:7      | Found a basalt altar of Yredelemnul.
  8997 | D:7      | Reached skill level 9 in Spellcasting
  9285 | D:7      | Found the +18 Lear's hauberk
  9670 | D:8      | Found a large runed translucent door.
  9670 | D:8      | Found a large runed translucent door.
  9671 | D:8      | Found a large runed translucent door.
  9671 | D:8      | Found a large runed translucent door.
  9677 | D:8      | Noticed a deep elf pyromancer
  9707 | D:8      | Noticed Grum
  9718 | D:8      | Killed Grum
  9936 | D:8      | Reached XP level 10. HP: 55/55 MP: 16/25
  9957 | D:7      | Reached ** piety under Cheibriados
 10243 | D:8      | Acquired the amulet "Furoqoaj" {RegenMP Fragile +Blink rC++
                  | Str+3}
 10822 | D:8      | Found a staircase to the Lair.
 11058 | D:8      | Learned a level 3 spell: Stone Arrow
 11065 | D:8      | Learned a level 6 spell: Iron Shot
 11301 | D:8      | Reached skill level 10 in Spellcasting
 11301 | D:8      | Reached skill level 1 in Earth Magic
 11440 | D:8      | Reached skill level 5 in Invocations
 11670 | D:9      | Reached *** piety under Cheibriados
 11784 | D:9      | Found a flagged portal.
 11794 | Bailey   | Entered a bailey
 12385 | D:9      | Reached **** piety under Cheibriados
 13167 | D:9      | Noticed a two-headed ogre
 13172 | D:9      | Killed a two-headed ogre
 13173 | D:9      | Reached skill level 11 in Spellcasting
 13183 | D:9      | Found Irphiv's Antique Armour Shop.
 13251 | D:9      | Found a transporter.
 13255 | D:9      | Found a transporter.
 13270 | D:9      | Reached XP level 11. HP: 56/59 MP: 20/28
 13427 | D:9      | Identified the -1 helmet of the Stonemason {Will+ Int+2}
 13819 | D:10     | Entered Level 10 of the Dungeon
 14030 | D:10     | Noticed Erolcha
 14037 | D:10     | Killed Erolcha
 14038 | D:10     | Reached skill level 1 in Armour
 14860 | D:10     | Reached ***** piety under Cheibriados
 15069 | D:10     | Reached skill level 5 in Dodging
 15854 | D:11     | Reached skill level 5 in Earth Magic
 15902 | D:11     | Noticed a brown ugly thing
 16245 | D:11     | Killed a brown ugly thing
 16479 | D:11     | Reached skill level 12 in Spellcasting
 16728 | D:11     | Reached XP level 12. HP: 50/68 MP: 21/30
 16809 | D:11     | You fall into a shaft and drop 2 floors!
 16814 | D:13     | Noticed Frances
 16833 | D:13     | Killed Frances
 16834 | D:13     | Reached skill level 10 in Conjurations
 16887 | D:13     | Found a gate leading to a gauntlet.
 16895 | D:13     | Found a gate to the Vaults.
 16895 | D:13     | Noticed a vault guard
 16910 | D:13     | Killed a vault guard
 16944 | Gauntlet | Entered a Gauntlet
 16944 | Gauntlet | Found a transporter.
 16944 | Gauntlet | Found a runed translucent door.
 16944 | Gauntlet | Found a transporter.
 16958 | Gauntlet | Found a runed translucent door.
 16960 | Gauntlet | Found a transporter.
 16960 | Gauntlet | Found a transporter.
 16964 | Gauntlet | Found a transporter.
 17009 | Gauntlet | Found a transporter.
 17020 | Gauntlet | Found a transporter.
 17185 | Gauntlet | Found a transporter.
 17185 | Gauntlet | Found a transporter.
 17194 | Gauntlet | Found a transporter.
 17208 | Gauntlet | Found a transporter.
 17291 | Gauntlet | Found a transporter.
 17292 | Gauntlet | Found a transporter.
 17311 | Gauntlet | Reached skill level 13 in Spellcasting
 17343 | Gauntlet | Noticed a minotaur
 17348 | Gauntlet | Killed a minotaur
 17552 | D:13     | Noticed a great orb of eyes
 17556 | D:13     | a great orb of eyes changed into a bunyip
 17556 | D:13     | Noticed a bunyip (shapeshifter)
 17558 | D:13     | Killed a bunyip
 18249 | D:13     | Reached ****** piety under Cheibriados
 18647 | D:13     | Found a large runed translucent door.
 18650 | D:13     | Found a large runed translucent door.
 18678 | D:13     | Noticed a centaur warrior
 18680 | D:13     | Killed a centaur warrior
 19172 | D:11     | Noticed Nergalle
 19174 | D:11     | Killed Nergalle
 19175 | D:11     | Identified the +6 leather armour of Hegel {Harm rF- rN++
                  | Will-}
 19243 | D:11     | Noticed Maurice
 19257 | D:11     | Killed Maurice
 19639 | D:12     | Found a staircase to the Orcish Mines.
 19645 | D:12     | Reached XP level 13. HP: 64/72 MP: 16/32
 19940 | D:12     | Reached skill level 14 in Spellcasting
 20304 | D:12     | Reached skill level 10 in Invocations
 21853 | Lair:1   | Entered Level 1 of the Lair of Beasts
 22041 | Lair:1   | Reached skill level 15 in Spellcasting
 23692 | Lair:2   | Found a staircase to the Snake Pit.
 23739 | Lair:2   | Found a staircase to the Shoals.
 24994 | Lair:3   | Reached XP level 14. HP: 76/76 MP: 28/35
 25345 | Lair:3   | Reached skill level 10 in Dodging
 26600 | Lair:4   | Reached skill level 5 in Fighting
 27636 | Lair:4   | Identified the ring of Fyceq {+Blink rN+ SInv}
 27679 | Lair:4   | Noticed Urug
 27685 | Lair:4   | Killed Urug
 28144 | Lair:4   | Gained mutation: You are frail. (-10% HP) [potion of
                  | mutation]
 28144 | Lair:4   | Gained mutation: You have very sharp teeth. [potion of
                  | mutation]
 28144 | Lair:4   | Gained mutation: You are strong-willed. (Will+) [potion of
                  | mutation]
 28145 | Lair:4   | Lost mutation: You have very sharp teeth. [potion of
                  | mutation]
 28145 | Lair:4   | Lost mutation: You are frail. (-10% HP) [potion of
                  | mutation]
 28145 | Lair:4   | Lost mutation: You are strong-willed. (Will+) [potion of
                  | mutation]
 28145 | Lair:4   | Gained mutation: You have an increased reservoir of magic.
                  | (+10% MP) [potion of mutation]
 28145 | Lair:4   | Gained mutation: You possess an exceptional clarity of
                  | mind. [potion of mutation]
 28145 | Lair:4   | Gained mutation: You are partially covered in iridescent
                  | scales. (AC +2) [potion of mutation]
 28237 | Lair:4   | Found a viscous altar of Jiyva.
 28239 | Lair:4   | Found a staircase to the Slime Pits.
 28657 | Lair:4   | Noticed Nessos
 28666 | Lair:4   | Killed Nessos
 28922 | Lair:5   | Entered Level 5 of the Lair of Beasts
 28924 | Lair:5   | Reached skill level 16 in Spellcasting
 29161 | Lair:5   | Learned a level 2 spell: Blink
 29317 | Lair:5   | Found a frozen archway.
 29326 | IceCv    | Entered an ice cave
 30502 | IceCv    | Identified the +4 scimitar "Niyffui Ziru" {heavy, rElec
                  | Str+3 Int-4}
 30610 | IceCv    | Upgraded the game from 0.30-a0-1074-g5db6f66fbb to
                  | 0.30-a0-1093-gcfb1e0cf12
 30821 | IceCv    | Reached XP level 15. HP: 69/83 MP: 22/41
 31099 | Lair:5   | Learned a level 6 spell: Starburst
 31156 | Lair:5   | Reached skill level 1 in Fire Magic
 31903 | Lair:5   | Reached skill level 17 in Spellcasting
 32291 | Lair:5   | Found a large runed translucent door.
 32292 | Lair:5   | Found a large runed translucent door.
 32931 | Orc:1    | Entered Level 1 of the Orcish Mines
 32943 | Orc:1    | Noticed Fannar
 32950 | Orc:1    | Killed Fannar
 33429 | Orc:2    | Entered Level 2 of the Orcish Mines
 33463 | Orc:2    | Found Docla's Antique Armour Shop.
 33633 | Orc:2    | Bought a pair of ichor-stained boots for 285 gold pieces
 33633 | Orc:2    | Identified the +1 pair of boots of Divinoezo {Int+2 Dex+6}
                  | (You bought it in a shop on level 2 of the Orcish Mines)
 33685 | Orc:2    | Found a runed translucent gate.
 33717 | Orc:2    | Found a runed translucent gate.
 33717 | Orc:2    | Found a runed translucent gate.
 33719 | Orc:2    | Noticed choppaz's ghost (journeyman GrEE)
 33768 | Orc:2    | Killed choppaz's ghost
 34565 | Orc:2    | Found a staircase to the Elven Halls.
 34601 | Orc:2    | Found Hezxe's General Store.
 34631 | Orc:2    | Found Ibracvot's Antique Weapon Shoppe.
 35197 | Orc:2    | Found Cokhofeo's Jewellery Boutique.
 35963 | Shoals:1 | Entered Level 1 of the Shoals
 36220 | Shoals:1 | Found a transporter.
 36224 | Shoals:1 | Found a transporter.
 36225 | Shoals:1 | Noticed a kraken
 36225 | Shoals:1 | Noticed Shavain's ghost (adept DsGl)
 37245 | Shoals:2 | Reached skill level 1 in Shields
 37339 | Shoals:2 | Reached XP level 16. HP: 90/90 MP: 19/43
 38144 | Shoals:3 | Found Uceuleah's Magic Scroll Boutique.
 38177 | Shoals:3 | Bought a scroll of blinking for 142 gold pieces
 38177 | Shoals:3 | Bought 2 scrolls of enchant armour for 285 gold pieces
 38177 | Shoals:3 | Bought a scroll of enchant armour for 142 gold pieces
 38177 | Shoals:3 | Bought 3 scrolls of fear for 228 gold pieces
 38724 | Shoals:3 | Reached skill level 5 in Shields
 39457 | Shoals:4 | Entered Level 4 of the Shoals
 39685 | Shoals:4 | Reached skill level 15 in Conjurations
 39781 | Shoals:4 | Reached skill level 18 in Spellcasting
 40434 | Shoals:4 | Reached skill level 10 in Earth Magic
 40934 | Shoals:4 | Identified the amulet "Ruga" {RegenMP Will+}
 41198 | Shoals:4 | Reached skill level 19 in Spellcasting
 41485 | Shoals:4 | Noticed a sphinx
 41492 | Shoals:4 | Killed a sphinx
 41598 | Shoals:4 | Noticed a sphinx
 41795 | Shoals:4 | Got a barnacled rune of Zot
 42089 | Elf:1    | Entered Level 1 of the Elven Halls
 42598 | Elf:1    | Reached XP level 17. HP: 95/95 MP: 46/46
 42666 | Elf:1    | Found Duuqul's Jewellery Shop.
 42666 | Elf:1    | You fall into a shaft and drop 1 floor!
 42673 | Elf:2    | Found a runed translucent gate.
 43053 | Elf:1    | Got the Compilation of the Graveyard
 43056 | Elf:1    | Learned a level 1 spell: Apportation
 43137 | Elf:1    | Bought a ring of poison resistance for 280 gold pieces
 43815 | Elf:1    | Reached skill level 15 in Invocations
 44185 | Elf:1    | Reached skill level 20 in Spellcasting
 44581 | Elf:2    | Found a runed translucent gate.
 44581 | Elf:2    | Found a runed translucent gate.
 46108 | Elf:3    | Entered Level 3 of the Elven Halls
 46748 | Elf:3    | Noticed a deep elf master archer
 46749 | Elf:3    | Noticed a deep elf blademaster
 46757 | Elf:3    | Killed a deep elf master archer
 46809 | Elf:3    | Noticed a deep elf blademaster
 46813 | Elf:3    | Killed a deep elf blademaster
 46814 | Elf:3    | Reached skill level 5 in Stealth
 47533 | Elf:3    | Found Tanuany's Book Emporium.
 47779 | Elf:3    | Noticed Asterion
 47782 | Elf:3    | Noticed Zenata
 47783 | Elf:3    | Killed from afar by Zenata

Illustrated notes

Levels and vault maps discovered:
D:1:      dpeg_arrival_simpleton_c, layout_loops_ring,
          minmay_misc_feat_four_crosses
D:2:      layout_basic
D:3:      layout_rooms, general_overflow_altar
D:4:      layout_loops_corners, tgw_xom
D:5:      layout_basic, eino_small_chamber_without_monster, uniq_ijyb
D:6:      layout_loops_ring, minmay_temple_entry_large_hall, serial_shops,
          nicolae_shop_trees
D:7:      layout_cave_pools, jmf_multi_god_temple,
          hellmonk_guarded_unrand_lears, uniq_menkaure
D:8:      layout_loops_cross, minmay_lair_entry_grove, serial_glass,
          glass_columns_b, glass_columns_a, minmay_strange_pillars,
          feat_on_display, minmay_hollow_rounded_squares, uniq_grum
D:9:      gammafunk_beogh_shrine, layout_basic, serial_shops,
          nicolae_shop_hallway_plus, enter_bailey_5, nrook_mini_vaults,
          nicolae_straight_to_the_point
D:10:     layout_roguey, uniq_erolcha
D:11:     layout_stronghold, serial_undead, serial_undead_d, serial_undead_f,
          serial_undead_f, serial_undead_d, uniq_maurice, uniq_nergalle
D:12:     cheibrodos_barr_body, layout_loops_corners, orc_0_dummy, serial_glass,
          glass_columns_a, glass_columns_a
D:13:     okawaru_arena_lexackson, layout_basic, david_vaults_5,
          gauntlet_entry_generic, uniq_frances
Temple:   nicolae_temple_bog_church
Lair:1:   layout_regular_city, infiniplex_staircase_pool_2, grunt_megastairs_2
Lair:2:   layout_chaotic_city, shoals_dummy_entry,
          minmay_snake_entry_guardpost_small, disabler_island,
          grunt_megastairs_4
Lair:3:   layout_chaotic_city, nzn_random_ring, lemuel_fruit_tree
Lair:4:   layout_regular_city, minmay_slime_entry_oklob_enclosed, worms_lemuel,
          uniq_nessos, uniq_urug
Lair:5:   cheibrodos_lair_end_hotspot, layout_hall_layers,
          portal_ice_cave_entry_pillars_2
Shoals:1: cheibrodos_shoals_three_sisters, layout_shoals,
          ebering_ghost_davey_jones
Shoals:2: layout_shoals, nicolae_splish_splash
Shoals:3: layout_shoals, serial_shops, nicolae_stop_n_shop_1,
          hangedman_shoals_cup_caves
Shoals:4: shoals_end_hellmonk_lost_city, serial_shops
Orc:1:    layout_diamond_mine, basic_altar, abandoned_shop, uniq_fannar
Orc:2:    grunt_orc_gardens, layout_caves, grunt_orc_garden, grunt_orc_garden,
          grunt_orc_garden, grunt_orc_garden, maelrawn_ghost_gauntlet_escape
Elf:1:    minmay_elf_arrival_plus, layout_gridlike, serial_shops,
          nicolae_shop_temple_entry_statues_fountains, minmay_elf_necromancy
Elf:2:    elven_hall_of_blades_hangedman_original
          [nicolae_blade_entry_sentries_behind_glass], layout_gridlike
Elf:3:    minmay_elf_hall, layout_gridlike, serial_shops,
          nicolae_lakefront_shop, uniq_zenata, uniq_asterion

Skill      XL: |  1  2  3  4  5  6  7  8  9 10 11 12 13 14 15 16 17 |
---------------+----------------------------------------------------+-----
Spellcasting   | 4 5 6 8 9 11 12 13 15 16 17 19 20 | 20.7
Conjurations   | 5 6 7 8 9 11 12 13 14 15 | 15.5
Translocations | 3 6 |  6.8
Fighting       | 1 2 4 5 6 |  6.8
Transmutations | 2 4 6 |  6.6
Evocations     | 2 4 |  4.3
Invocations    | 3 6 7 9 11 12 13 14 15 | 15.8
Dodging        | 3 6 9 11 13 14 | 14.1
Earth Magic    | 4 6 8 10 | 10.0
Armour         | 1 |  1.6
Fire Magic     | 4 |  4.5
Shields        | 2 5 |  5.0
Stealth        | 7 |  7.9

Action                     |  1- 3 |  4- 6 |  7- 9 | 10-12 | 13-15 | 16-18 || total
---------------------------+-------+-------+-------+-------+-------+-------++-------
  Melee: Dagger            |     9 |       |       |       |       |       ||     9
         Flail             |       |     3 |     2 |       |       |       ||     5
         Punch             |       |       |     1 |       |     1 |       ||     2
         Staff             |       |       |     7 |    25 |    53 |       ||    85
   Cast: Magic Dart        |    72 |    58 |   133 |    36 |   166 |    60 ||   525
         Searing Ray       |     3 |    14 |    16 |    13 |     8 |       ||    54
         Iskenderun's Myst |       |       |    39 |    87 |   167 |    41 ||   334
         Irradiate         |       |       |     2 |    12 |    27 |     3 ||    44
         Stone Arrow       |       |       |       |   106 |    73 |    12 ||   191
         Iron Shot         |       |       |       |    13 |   136 |   231 ||   380
         Starburst         |       |       |       |       |     6 |     1 ||     7
 Invoke: Step From Time    |       |       |       |       |       |     2 ||     2
  Evoke: Wand              |       |       |     1 |    15 |    38 |    23 ||    77
    Use: Scroll            |     6 |     8 |     3 |    12 |     7 |    14 ||    50
         Potion            |       |       |     1 |     5 |     3 |     1 ||    10
 Armour: Robe              |     3 |     1 |    18 |    49 |    84 |    15 ||   170
  Dodge: Dodged            |     7 |    16 |    74 |   225 |   591 |   103 ||  1016
  Block: Other             |       |       |       |       |    20 |       ||    20
         Reflection        |       |       |       |       |     4 |    44 ||    48
         Buckler           |       |       |       |       |     3 |    97 ||   100

Table legend: (Time is in decaauts)
 A = Elapsed time spent in this place.
 B = Non-inter-level travel time spent in this place.
 C = Inter-level travel time spent in this place.
 D = Time resting spent in this place.
 E = Time spent auto-exploring this place.
 F = Levels seen in this place.
 G = Mean time per level.
                   A        B        C        D        E       F      G
               +--------+--------+--------+--------+--------+-----+--------+
         Total |  61531 |  58182 |   3349 |  20152 |  31222 |  31 | 1984.9 |
       Dungeon |  25333 |  23617 |   1716 |   7679 |  13744 |  13 | 1948.7 |
        Temple |    178 |    137 |     41 |      0 |    123 |   1 |  178.0 |
          Lair |  13213 |  12473 |    740 |   3633 |   7278 |   5 | 2642.6 |
        Shoals |   8012 |   7640 |    372 |   2448 |   4288 |   4 | 2003.0 |
  Orcish Mines |   4511 |   4230 |    281 |   1947 |   1798 |   2 | 2255.5 |
   Elven Halls |   6898 |   6701 |    197 |   2858 |   3025 |   3 | 2299.3 |
        Bailey |    692 |    692 |      0 |    256 |    355 |   1 |  692.0 |
      Ice Cave |   2045 |   2045 |      0 |   1286 |    516 |   1 | 2045.0 |
      Gauntlet |    646 |    646 |      0 |     44 |     92 |   1 |  646.0 |
               +--------+--------+--------+--------+--------+-----+--------+

Top non-repeatable levels by time:
  Lair:4: 3215 daAuts
     D:8: 3054 daAuts
   Elf:2: 2984 daAuts
    D:12: 2893 daAuts
    D:13: 2886 daAuts
  Lair:5: 2876 daAuts
    D:11: 2771 daAuts
  Lair:1: 2527 daAuts
   Orc:2: 2460 daAuts
Shoals:4: 2397 daAuts
  Lair:3: 2300 daAuts
  Lair:2: 2293 daAuts
Shoals:3: 2262 daAuts
    D:10: 2131 daAuts
   Elf:1: 2057 daAuts
